 Dungeon Crawl Stone Soup version 0.24.0-123-gd5b16e6ec5 (webtiles) character file.

Game seed: 5407282776701201995, levelgen mode: deterministic

45639 Seryemb the Thaumaturge (level 14, 0/108 HPs)
             Began as a Gnoll Wizard on Jan 2, 2020.
             Was a High Priest of Ashenzari.
             Slain by a thrashing horror (7 damage)
             ... on level 4 of the Abyss.
             The game lasted 02:45:28 (30719 turns).

Seryemb the Thaumaturge (Gnoll Wizard)             Turns: 30719, Time: 02:45:28

Health: 0/108      AC: 10    Str:  9    XL:     14   Next: 34%
Magic:  52/53      EV: 30    Int: 25    God:    Ashenzari [*****.]
Gold:   1419       SH: 10    Dex: 11    Spells: 8/35 levels left

rFire    + . .     SeeInvis +   x - staff of power (curse)
rCold    x . .     Gourm    .   o - +0 shield
rNeg     . . .     Faith    .   s - +3 leather armour {rPois} (curse)
rPois    +         Spirit   .   F - +0 hat
rElec    .         Reflect  .   N - +0 cloak
rCorr    .         Harm     .   l - +0 pair of gloves {Str+3}
MR       +....     Clarity  +   (no boots)
Stlth    ++++......             r - amulet of the acrobat (curse)
HPRegen  0.28/turn              K - ring of Kunneryi {Fire Int+5} (curse)
MPRegen  0.33/turn              H - ring of magical power (curse)

@: scrying, acrobat
A: distributed training, fangs 1, [berserk 2], [blurry vision 2], [clumsy 2],
[dopey 2], [weak 2], strong nose
a: Curse Item, Scrying, Renounce Religion


You were on level 4 of the Abyss.
You worshipped Ashenzari.
Ashenzari was extremely pleased with you.
You were very hungry.

You visited 2 branches of the dungeon, and saw 20 of its levels.
You visited the Abyss 1 time.

You collected 1947 gold pieces.
You spent 528 gold pieces at shops.

Inventory:

Armour
 l - a +0 pair of gloves of strength (worn)
 o - a +0 shield (worn)
 s - a cursed +3 leather armour of poison resistance (worn)
 F - a +0 hat (worn)
 M - a +2 robe of cold resistance
 N - a +0 cloak (worn)
 V - the +2 chain mail "Qicuumio" {rElec rC+ MR- rCorr Dex+2}
   (You found it on level 6 of the Lair of Beasts)

   It affects your dexterity (+2).
   It protects you from cold.
   It insulates you from electricity.
   It affects your resistance to hostile enchantments.
   It provides partial protection from all sources of acid and corrosion.
Magical Staves
 a - an uncursed staff of wizardry
 x - a cursed staff of power (weapon)
Jewellery
 r - a cursed amulet of the acrobat (around neck)
 v - an uncursed ring of positive energy
 y - an uncursed ring of ice
 H - a cursed ring of magical power (right hand)
 K - the cursed ring of Kunneryi (left hand) {Fire Int+5}
   (You found it on level 7 of the Dungeon)

   [ring of fire]

   It enhances your fire magic.
   It affects your intelligence (+5).
   It protects you from fire.
   It makes you vulnerable to cold.
   It has a curse placed upon it.
 L - an uncursed ring of protection from magic
 P - an uncursed amulet of rage
 R - an uncursed ring of protection from fire
 W - an uncursed ring of wizardry
Wands
 f - a wand of acid (11)
 j - a wand of paralysis (7)
 z - a wand of polymorph (20)
 B - a wand of iceblast (19)
 D - a wand of scattershot (2)
 G - a wand of enslavement (12)
 O - a wand of digging (6)
 U - a wand of flame (33)
Scrolls
 b - a scroll of brand weapon
 e - 3 scrolls of enchant weapon
 g - 3 scrolls of fear
 k - a scroll of magic mapping
 t - 2 scrolls of immolation
 C - 3 scrolls of enchant armour
 Q - 2 scrolls of remove curse
 T - a scroll of amnesia
 X - 2 scrolls of identify
Potions
 c - 2 potions of brilliance
 i - 3 potions of might
 m - a potion of ambrosia
 n - 3 potions of magic
 p - a potion of mutation
 q - a potion of resistance
 E - a potion of flight
 I - a potion of berserk rage
 J - 7 potions of curing
 S - 2 potions of agility
Comestibles
 d - 15 rations


   Skills:
 + Level 9.0 Fighting
 + Level 9.0 Short Blades
 + Level 9.0 Long Blades
 + Level 9.0 Axes
 + Level 9.0 Maces & Flails
 + Level 9.0 Polearms
 + Level 9.0 Staves
 + Level 9.0 Slings
 + Level 9.0 Bows
 + Level 9.0 Crossbows
 + Level 9.0 Throwing
 + Level 9.0 Armour
 + Level 10.1 Dodging
 + Level 9.9 Stealth
 + Level 9.0 Shields
 + Level 9.0 Unarmed Combat
 + Level 11.3(15.0) Spellcasting
 + Level 7.8(11.8) Conjurations
 + Level 7.5(11.5) Hexes
 + Level 7.5(11.5) Charms
 + Level 7.8(11.8) Summonings
 + Level 7.5(11.5) Necromancy
 + Level 7.8(11.8) Translocations
 + Level 7.5(11.5) Transmutations
 + Level 7.5(11.5) Fire Magic
 + Level 7.5(11.5) Ice Magic
 + Level 7.5(11.5) Air Magic
 + Level 7.5(11.5) Earth Magic
 + Level 7.5(11.5) Poison Magic
 + Level 9.8 Invocations
 + Level 9.0(12.9) Evocations


You had 8 spell levels left.
You knew the following spells:

 Your Spells              Type           Power        Failure   Level  Hunger
a - Venom Bolt            Conj/Pois      ######....   1%          5    ##.....
c - Blink                 Tloc           N/A          1%          2    None
d - Conjure Flame         Conj/Fire      #######.     1%          3    None
e - Mephitic Cloud        Conj/Pois/Air  ######..     1%          3    None
f - Summon Lightning Spi  Summ/Air       ######..     1%          4    None
g - Borgnjor's Vile Clut  Necr/Erth      ######....   1%          5    ##.....
h - Summon Mana Viper     Hex/Summ       ######..     1%          5    ##.....

Your spell library contained the following spells:

 Spells                   Type           Power        Failure   Level  Hunger
 Animate Skeleton         Necr           N/A          1%          1    None
 Apportation              Tloc           ######       1%          1    None
 Beastly Appendage        Tmut           ######       1%          1    None
 Confusing Touch          Hex            ######       1%          1    None
 Corona                   Hex            ######.      1%          1    None
 Infusion                 Chrm           ####         1%          1    None
 Magic Dart               Conj           ####         1%          1    None
 Sandblast                Erth           ######       1%          1    None
 Sting                    Conj/Pois      ####         1%          1    None
 Summon Butterflies       Summ           ######..     1%          1    None
 Summon Small Mammal      Summ           ####         1%          1    None
 Call Imp                 Summ           ######..     1%          2    None
 Ensorcelled Hibernation  Hex/Ice        ######       1%          2    None
 Poisonous Vapours        Pois/Air       ######       1%          2    None
 Slow                     Hex            ######..     1%          2    None
 Sticks to Snakes         Tmut           ######..     1%          2    None
 Call Canine Familiar     Summ           ######..     1%          3    None
 Confuse                  Hex            ######..     1%          3    None
 Dazzling Spray           Conj/Hex       ######       1%          3    None
 Inner Flame              Hex/Fire       #######.     1%          3    None
 Portal Projectile        Hex/Tloc       ######       1%          3    None
 Spider Form              Tmut/Pois      ######....   1%          3    None
 Static Discharge         Conj/Air       ######..     1%          3    None
 Summon Guardian Golem    Hex/Summ       ######..     1%          3    None
 Tukima's Dance           Hex            ######..     1%          3    None
 Cause Fear               Hex            ######....   1%          4    None
 Ice Form                 Ice/Tmut       ######..     1%          4    None
 Leda's Liquefaction      Hex/Erth       ######....   1%          4    None
 Olgreb's Toxic Radiance  Pois           ######..     1%          4    None
 Summon Ice Beast         Ice/Summ       ######..     1%          4    None
 Blade Hands              Tmut           ######....   1%          5    ##.....
 Summon Hydra             Summ           ######....   47%         7    ######.
 Tornado                  Air            ######....   100%        9    #######


Dungeon Overview and Level Annotations

Branches:
Dungeon (14/15)            Temple (0/1) D:5            Lair (6/6) D:11
  Swamp (0/4) Lair:2        Snake (0/4) Lair:3        Slime (0/5) Lair:5
    Orc (0/2) D:12         Vaults (0/5) D:13

Altars:
Ashenzari
Fedhas
Hepliaklqana
Makhleb
Nemelex Xobeh
Trog
Uskayaw
Xom
The Shining One
Jiyva

Shops:
D:5 (   D:7 :   D:10 ?   D:12 }

Annotations:
D:14 Louise


Innate Abilities, Weirdness & Mutations

Your experience applies equally to all skills.
You have very sharp teeth.
Your uncanny sense of smell can sniff out nearby items.
[You often lose your temper in combat.]
[Scrolls take you longer to read.]
[You are very clumsy. (Dex -4)]
[You are very dopey. (Int -4)]
[You are very weak. (Str -4)]


Message History

The thrashing horror misses you. x2
The thrashing horror tramples you.
* * * LOW HITPOINT WARNING * * *
You hold your ground!
You block the thrashing horror's attack.
You hit the thrashing horror but do no damage.
The thrashing horror tramples you.
* * * LOW HITPOINT WARNING * * *
You stumble backwards!
The thrashing horror tramples you!
* * * LOW HITPOINT WARNING * * *
You hold your ground!
You block the thrashing horror's attack.
Unknown command.
The thrashing horror tramples you but does no damage.
You block the thrashing horror's attack.
The thrashing horror completely misses you. x2
The thrashing horror roars!
You block the thrashing horror's attack.
The thrashing horror tramples you!
You die...

##...#.......##...##..* ,
*,
#.#...#....#.#...#.#...,
,, ,
.,.#....#...#.#.#...## ,
, ###
...#.....####.....#,,, *
*## #....###?.....#....#
* ,
#.#.#...#.....#...###..
*, , *.
$#####_....X###.#....
,,,,,, ##.#..
.......X#.#.#..# ,,**, *
#.##./.##..GXX@#.#...# *
# #.##*#...#.####.###.#
*,,,,,
###..........≈≈≈≈≈≈≈≈≈≈
≈, ,,,
*##.#...#..#.#≈≈≈≈≈≈≈≈≈≈≈
,, ,,* *##...
.#.#..####≈≈≈≈≈≈ *,,* ,,*
##.#...##.#..#).#...#..*
, ,,
##.##.#..##.#.........# *
* * , ..#...###......* ,
** ** *, * , ,, *, ,,* *


You could see a great orb of eyes and 4 thrashing horrors.

Vanquished Creatures
  Rupert (Lair:6)
  Jorgrun (D:13)
  Frances (D:14)
  A yaktaur captain (D:13)
  5 hydras
  Erica (D:9)
  A two-headed ogre (D:12)
  Urug (D:12)
  Sonja (D:12)
  4 unseen horrors
  2 deep elf magi
  A manticore (D:13)
  A cyclops (D:13)
  A black mamba (Lair:3)
  4 elephants (Lair:3)
  4 spiny frogs
  4 komodo dragons
  2 yaktaurs (D:13)
  A tyrant leech (Lair:6)
  2 trolls
  2 meliai (D:14)
  2 polar bears
  7 hippogriffs
  17 blink frogs
  A water elemental (D:14)
  2 wyverns
  3 basilisks
  A yak (D:9)
  2 vampire mosquitoes (D:13)
  An acid dragon (D:12)
  A water moccasin (Lair:6)
  2 porcupines (Lair:4)
  2 sky beasts
  2 orc warriors
  An eye of draining (D:14)
  An ice beast (D:7)
  A black bear (D:9)
  A necrophage (D:5)
  4 ogres
  11 wolves
  2 centaurs
  3 crocodiles
  A big kobold (D:13)
  22 bullfrogs
  A wyvern skeleton (D:9)
  4 scorpions
  A killer bee (D:9)
  A wight (D:14)
  4 electric eels
  4 crimson imps
  4 howler monkeys
  3 hounds
  A wyvern simulacrum (D:7)
  2 jellies
  2 orc priests
  9 orc wizards
  2 bullfrog skeletons
  3 iguanas
  6 worker ants
  A killer bee zombie (D:6)
  A hound zombie (D:5)
  A hound skeleton (D:4)
  10 adders
  7 gnolls
  A river rat (D:6)
  3 shadow imps
  A white imp (D:7)
  4 oozes
  3 worms
  4 dart slugs
  7 leopard geckos
  36 orcs
  3 ball pythons
  3 giant cockroaches
  7 hobgoblins
  A jackal (D:2)
  6 quokkas
  5 bats
  2 frilled lizards
  11 goblins
  A goblin zombie (D:12)
  A hobgoblin zombie (D:12)
  12 kobolds
  An orc skeleton (D:12)
  2 orc zombies (D:12)
  A quokka skeleton (D:6)
  8 rats
  A bush (Lair:6)
322 creatures vanquished.

Vanquished Creatures (collateral kills)
  Snorg (Lair:6)
  Fannar (D:10)
  2 hydras
  3 two-headed ogres
  A wizard (D:10)
  Pikel (D:8)
  A deep elf mage (D:10)
  4 oklob plants (Lair:2)
  2 elephants (Lair:3)
  Psyche (D:9)
  2 black mambas
  The ghost of kaychamo the Slinger, a novice SpHu of Jiyva (D:7)
  19 spiny frogs
  2 rime drakes (Lair:4)
  4 komodo dragons
  A meliai (D:14)
  A troll (D:11)
  A hornet (D:8)
  Prince Ribbit (D:6)
  A tyrant leech (Lair:6)
  6 hippogriffs
  5 blink frogs
  2 wraiths
  9 yaks
  2 wyverns
  A basilisk (Lair:6)
  Grum (D:8)
  6 vampire mosquitoes (Lair:6)
  3 hungry ghosts
  3 nagas (Lair:3)
  An acid dragon (D:13)
  4 water moccasins
  2 swamp worms (Lair:2)
  8 porcupines
  Duvessa (D:5)
  6 ice beasts
  2 orc warriors
  A sky beast (D:9)
  A phantom (D:12)
  2 black bears
  12 wolves
  An ogre (D:6)
  6 crocodiles
  A centaur (D:6)
  6 bullfrogs
  A wyvern skeleton (D:14)
  2 scorpions
  Dowan (D:5)
  2 troll zombies (D:12)
  2 killer bees (D:9)
  2 wights (D:14)
  An electric eel (Lair:5)
  A howler monkey (D:10)
  A crimson imp (D:7)
  2 quasits
  2 hounds
  4 jellies
  4 centaur skeletons
  4 orc priests
  Crazy Yiuf (D:5)
  10 iguanas
  6 orc wizards
  2 worker ants
  A bullfrog simulacrum (D:7)
  4 ogre zombies (D:12)
  4 gnolls
  3 adders
  A river rat (D:6)
  2 white imps (D:7)
  3 oozes (D:8)
  An adder simulacrum (D:7)
  8 orcs
  A quokka (D:6)
  A frilled lizard (D:4)
  4 goblin zombies (D:12)
  3 hobgoblin skeletons (D:12)
  2 hobgoblin zombies (D:12)
  2 orc skeletons (D:12)
  3 orc zombies (D:12)
  A butterfly (Lair:5)
  3 plants
237 creatures vanquished.

Vanquished Creatures (others)
  A slave (D:8)
  A scorpion (D:8)
  A worker ant (D:8)
  2 orcs (D:8)
  11 fungi
  31 plants
  11 starspawn tentacles (Abyss:3)
58 creatures vanquished.

Grand Total: 617 creatures vanquished

Notes
Turn   | Place    | Note
-------+----------+-------------------------------------------
     0 | D:1      | Seryemb the Gnoll Wizard began the quest for the Orb.
     0 | D:1      | Reached XP level 1. HP: 13/13 MP: 8/8
   234 | D:1      | Reached XP level 2. HP: 19/19 MP: 8/10
   304 | D:1      | Learned a level 2 spell: Call Imp
   307 | D:1      | Learned a level 2 spell: Blink
   884 | D:2      | Found a hazy altar of Hepliaklqana.
   974 | D:2      | Reached XP level 3. HP: 25/25 MP: 7/11
   979 | D:2      | Learned a level 3 spell: Conjure Flame
   983 | D:2      | Learned a level 3 spell: Mephitic Cloud
  1207 | D:2      | Reached skill level 1 in Invocations
  1462 | D:2      | Reached skill level 1 in Fighting
  1462 | D:2      | Reached skill level 1 in Short Blades
  1462 | D:2      | Reached skill level 1 in Long Blades
  1462 | D:2      | Reached skill level 1 in Axes
  1462 | D:2      | Reached skill level 1 in Maces & Flails
  1462 | D:2      | Reached skill level 1 in Polearms
  1462 | D:2      | Reached skill level 1 in Staves
  1462 | D:2      | Reached skill level 1 in Slings
  1462 | D:2      | Reached skill level 1 in Bows
  1462 | D:2      | Reached skill level 1 in Crossbows
  1462 | D:2      | Reached skill level 1 in Throwing
  1462 | D:2      | Reached skill level 1 in Armour
  1462 | D:2      | Reached skill level 1 in Shields
  1462 | D:2      | Reached skill level 1 in Unarmed Combat
  1462 | D:2      | Reached skill level 1 in Evocations
  1669 | D:2      | Reached XP level 4. HP: 32/32 MP: 8/13
  2136 | D:3      | Reached skill level 1 in Hexes
  2136 | D:3      | Reached skill level 1 in Charms
  2136 | D:3      | Reached skill level 1 in Necromancy
  2136 | D:3      | Reached skill level 1 in Transmutations
  2136 | D:3      | Reached skill level 1 in Fire Magic
  2136 | D:3      | Reached skill level 1 in Ice Magic
  2136 | D:3      | Reached skill level 1 in Air Magic
  2136 | D:3      | Reached skill level 1 in Earth Magic
  2136 | D:3      | Reached skill level 1 in Poison Magic
  2632 | D:2      | Reached XP level 5. HP: 37/37 MP: 4/14
  3480 | D:3      | Found a shattered altar of Ashenzari.
  3494 | D:3      | Became a worshipper of Ashenzari the Shackled
  3718 | D:3      | Reached XP level 6. HP: 43/44 MP: 9/16
  4447 | D:4      | Reached skill level 5 in Dodging
  4594 | D:4      | Found a blossoming altar of Fedhas.
  5251 | D:4      | Reached XP level 7. HP: 50/50 MP: 14/18
  5563 | D:4      | Noticed a -1 hand axe
  5564 | D:4      | Found a hide-covered altar of Uskayaw.
  5565 | D:4      | Noticed a +0 hand axe
  5627 | D:5      | Entered Level 5 of the Dungeon
  6202 | D:5      | Found a runed translucent door.
  6203 | D:5      | Noticed Crazy Yiuf
  6482 | D:5      | Found a staircase to the Ecumenical Temple.
  6579 | D:5      | Found a burning altar of Makhleb.
  6579 | D:5      | Found a glowing golden altar of the Shining One.
  6589 | D:5      | Noticed Dowan
  6589 | D:5      | Noticed Duvessa
  7018 | D:5      | Killed Dowan
  7046 | D:5      | Killed Duvessa
  7046 | D:5      | Reached skill level 5 in Stealth
  7115 | D:5      | Found Veirchali's Weapon Shoppe.
  7364 | D:5      | Reached XP level 8. HP: 57/57 MP: 5/19
  7652 | D:6      | Reached * piety under Ashenzari
  7720 | D:6      | Noticed Prince Ribbit
  7737 | D:6      | Killed Prince Ribbit
  7959 | D:6      | Reached skill level 8 in Spellcasting
  8812 | D:6      | Reached XP level 9. HP: 65/65 MP: 11/21
  9183 | D:7      | Found a runed translucent gate.
  9183 | D:7      | Found a runed translucent gate.
  9183 | D:7      | Found a runed translucent gate.
  9603 | D:7      | Noticed kaychamo's ghost (novice SpHu)
  9604 | D:7      | Identified the ring of Kunneryi {Fire Int+5}
 10086 | D:7      | Found Puman's Book Boutique.
 10089 | D:7      | Bought a book of Callings for 480 gold pieces
 10094 | D:7      | Learned a level 4 spell: Summon Lightning Spire
 10652 | D:8      | Found a bloodstained altar of Trog.
 10733 | D:8      | Noticed a two-headed ogre
 10738 | D:8      | Killed a two-headed ogre
 10741 | D:8      | Reached skill level 5 in Invocations
 11004 | D:8      | Reached ** piety under Ashenzari
 11013 | D:8      | Found a sparkling altar of Nemelex Xobeh.
 11033 | D:8      | Noticed Pikel
 11039 | D:8      | Killed Pikel
 11039 | D:8      | Reached XP level 10. HP: 73/73 MP: 14/22
 11269 | D:8      | Noticed Grum
 11280 | D:8      | Killed Grum
 11500 | D:8      | Found a shimmering altar of Xom.
 11500 | D:8      | Found a sparkling altar of Nemelex Xobeh.
 11602 | D:9      | Reached skill level 5 in Fighting
 11602 | D:9      | Reached skill level 5 in Short Blades
 11602 | D:9      | Reached skill level 5 in Long Blades
 11602 | D:9      | Reached skill level 5 in Axes
 11602 | D:9      | Reached skill level 5 in Maces & Flails
 11602 | D:9      | Reached skill level 5 in Polearms
 11602 | D:9      | Reached skill level 5 in Staves
 11602 | D:9      | Reached skill level 5 in Slings
 11602 | D:9      | Reached skill level 5 in Bows
 11602 | D:9      | Reached skill level 5 in Crossbows
 11602 | D:9      | Reached skill level 5 in Throwing
 11602 | D:9      | Reached skill level 5 in Armour
 11602 | D:9      | Reached skill level 5 in Shields
 11602 | D:9      | Reached skill level 5 in Unarmed Combat
 11602 | D:9      | Reached skill level 5 in Evocations
 11986 | D:9      | Noticed a two-headed ogre
 11996 | D:9      | Killed a two-headed ogre
 12212 | D:9      | Noticed Psyche
 12224 | D:9      | Killed Psyche
 12224 | D:9      | Reached skill level 9 in Spellcasting
 12426 | D:9      | Found a bloodstained altar of Trog.
 12612 | D:9      | Reached skill level 5 in Conjurations
 12612 | D:9      | Reached skill level 5 in Summonings
 12612 | D:9      | Reached skill level 5 in Translocations
 12696 | D:9      | Noticed Erica
 12706 | D:9      | Killed Erica
 12811 | D:10     | Entered Level 10 of the Dungeon
 12817 | D:10     | Noticed a deep elf mage
 12988 | D:10     | Found Ciggoigh's Magic Scroll Shoppe.
 12995 | D:10     | Bought a scroll of remove curse for 48 gold pieces
 13045 | D:10     | Noticed Fannar
 13379 | D:10     | Noticed a wizard
 13710 | D:5      | Killed Crazy Yiuf
 13725 | D:5      | Got the mace of Purhod {protect, Str+5 Int+3}
 13725 | D:5      | Identified the +4 mace of Purhod {protect, Str+5 Int+3}
                  | (You found it on level 5 of the Dungeon)
 13835 | D:7      | Killed kaychamo's ghost
 13984 | D:10     | Killed a wizard
 14000 | D:10     | Noticed a deep elf mage
 14006 | D:10     | Identified Ts'ui Pên's Grimoire of Forking Paths
 14039 | D:10     | Noticed a deep elf mage
 14048 | D:10     | Killed a deep elf mage
 14048 | D:10     | Reached XP level 11. HP: 81/81 MP: 24/24
 14066 | D:10     | Identified Qocveav Casa's Volume of Combed Thunderclap
 14077 | D:10     | Identified Wecsasmo's Grimoire of Plaster Cramp
 14085 | D:10     | Learned a level 5 spell: Borgnjor's Vile Clutch
 14808 | D:10     | Reached *** piety under Ashenzari
 15437 | D:11     | Noticed a two-headed ogre
 15449 | D:11     | Killed a two-headed ogre
 15449 | D:11     | Reached skill level 5 in Hexes
 15449 | D:11     | Reached skill level 5 in Charms
 15449 | D:11     | Reached skill level 5 in Necromancy
 15449 | D:11     | Reached skill level 5 in Transmutations
 15449 | D:11     | Reached skill level 5 in Fire Magic
 15449 | D:11     | Reached skill level 5 in Ice Magic
 15449 | D:11     | Reached skill level 5 in Air Magic
 15449 | D:11     | Reached skill level 5 in Earth Magic
 15449 | D:11     | Reached skill level 5 in Poison Magic
 15851 | D:11     | Found a staircase to the Lair.
 16097 | Lair:1   | Entered Level 1 of the Lair of Beasts
 17378 | Lair:2   | Reached **** piety under Ashenzari
 17591 | Lair:2   | Noticed a six-headed hydra
 17604 | Lair:2   | Killed a six-headed hydra
 18077 | Lair:2   | Noticed an oklob plant
 18089 | Lair:2   | Killed an oklob plant
 18095 | Lair:2   | Noticed an oklob plant
 18103 | Lair:2   | Killed an oklob plant
 18142 | Lair:2   | Killed an oklob plant
 18143 | Lair:2   | Noticed an oklob plant
 18151 | Lair:2   | Killed an oklob plant
 18151 | Lair:2   | Reached XP level 12. HP: 89/89 MP: 25/25
 18210 | Lair:2   | Learned a level 5 spell: Summon Mana Viper
 18704 | Lair:2   | Learned a level 5 spell: Venom Bolt
 18954 | Lair:2   | Found a staircase to the Swamp.
 19354 | Lair:3   | Reached skill level 10 in Spellcasting
 20191 | Lair:3   | Found a staircase to the Snake Pit.
 20580 | Lair:3   | Noticed a catoblepas
 21248 | D:10     | Killed Fannar
 21267 | D:10     | Identified the +4 arbalest of Moral Flaws {penet, Dex+3}
 21267 | D:10     | Identified the +7 great mace of Peace {crush, MP+9}
 22176 | Lair:4   | Noticed a seven-headed hydra
 22193 | Lair:4   | Killed a seven-headed hydra
 22457 | Lair:4   | Reached ***** piety under Ashenzari
 22492 | Lair:4   | Noticed a four-headed hydra
 22498 | Lair:4   | Killed a four-headed hydra
 23199 | Lair:5   | Found a viscous altar of Jiyva.
 23204 | Lair:5   | Found a staircase to the Slime Pits.
 23319 | Lair:5   | Reached XP level 13. HP: 98/98 MP: 27/27
 24100 | Lair:6   | Entered Level 6 of the Lair of Beasts
 24628 | Lair:6   | Noticed Rupert
 26232 | Lair:6   | Got the uncursed chain mail "Qicuumio" {rElec rC+ MR- rCorr
                  | Dex+2}
 26238 | Lair:6   | Noticed Snorg
 26272 | Lair:6   | Killed Snorg
 26792 | Lair:6   | Killed Rupert
 27189 | D:12     | Found Lijypoeh's Gadget Boutique.
 27381 | D:12     | Found a staircase to the Orcish Mines.
 27793 | D:12     | Noticed Urug
 27794 | D:12     | Noticed Sonja
 27805 | D:12     | Killed Sonja
 27805 | D:12     | Reached skill level 11 in Spellcasting
 27805 | D:12     | Killed Urug
 28616 | D:13     | Reached XP level 14. HP: 106/106 MP: 29/29
 28774 | D:13     | Noticed Jorgrun
 28801 | D:13     | Killed Jorgrun
 29100 | D:13     | Found a gate to the Vaults.
 29344 | D:13     | Reached skill level 10 in Dodging
 30305 | D:14     | Noticed Frances
 30313 | D:14     | Killed Frances
 30402 | D:14     | Identified the +2 chain mail "Qicuumio" {rElec rC+ MR-
                  | rCorr Dex+2} (You found it on level 6 of the Lair of
                  | Beasts)
 30423 | D:14     | Noticed Louise
 30426 | D:14     | Cast into level 3 of the Abyss (Louise)
 30426 | Abyss:3  | Found a corrupted altar of Lugonu.
 30446 | Abyss:3  | Noticed a brown very ugly thing
 30446 | Abyss:3  | Noticed a brown very ugly thing
 30446 | Abyss:3  | Noticed a brown very ugly thing
 30454 | Abyss:3  | Found a corrupted altar of Lugonu.
 30501 | Abyss:3  | Noticed a tentacled starspawn
 30570 | Abyss:3  | Noticed a tentacled starspawn
 30626 | Abyss:3  | Noticed a starcursed mass
 30668 | Abyss:4  | Found a corrupted altar of Lugonu.
 30719 | Abyss:4  | Slain by a thrashing horror

Levels and vault maps discovered:
D:1:      denvon_arrival_waterhouse, layout_loops_ring,
          minmay_misc_feat_secret_circle, minmay_heptomino_w4
D:2:      layout_loops_ring, lemuel_coloured_pillars_altar,
          kennysheep_generic_room_11
D:3:      layout_basic, chequers_serial_rivers_room_a, evilmike_ruin_ashenzari
D:4:      layout_cave_pools, fedhas_altar_1, dancing_weapons_uskayaw,
          first_ration, serial_bayou_crossing
D:5:      layout_loops_ring, gammafunk_temple_overflow_wave,
          minmay_temple_entry_large_hall, serial_shops, shop,
          uniq_crazy_yiuf_cottage, uniq_duvessa
D:6:      layout_cave_pools, lightli_sewer_entry_pipes, uniq_prince_ribbit1
D:7:      layout_gridville, gammafunk_ghost_icy, serial_shops,
          kennysheep_mini_moat
D:8:      layout_basic, gammafunk_temple_overflow_elements, basic_altar,
          hangedman_little_slice_of_home, nemelex_lonely_heart_becter,
          uniq_pikel, uniq_grum
D:9:      layout_gridville, kennysheep_mini, kennysheep_generic_room_16,
          uniq_psyche, uniq_erica
D:10:     layout_roguey, serial_shops, shop, bh_hangedman_babel_library,
          uniq_fannar
D:11:     layout_long_grid, grunt_lair_entry_orc_guard_hut
D:12:     layout_stronghold, zombieorc1_lemuel, serial_shops, shop, uniq_urug,
          uniq_sonja
D:13:     layout_cave_pools, david_vaults_2, uniq_jorgrun
D:14:     layout_roguey, serial_bayou_shore_a, uniq_frances, uniq_louise
Lair:1:   layout_hall_layers
Lair:2:   beast_lair_carwin_large_1, layout_cave_pods,
          nicolae_swamp_entry_splash_gauntlet, minmay_lair_oklob_chamber
Lair:3:   layout_layer_cave, guppyfry_snake_entry_island, gauntlet_entry_generic
Lair:4:   layout_cave_pods, infiniplex_staircase_pool, grunt_megastairs_1
Lair:5:   layout_cave_pods, slime_altar_1, serial_bayou_lagoon_a,
          lemuel_fruit_fields
Lair:6:   minmay_lair_end_frog_pond, layout_regular_city, uniq_snorg,
          uniq_rupert
Abyss:4:  base: Sewer, minivault_13,
          evilmike_nicolae_abyss_rune_containment_curve

Skill      XL: |  1  2  3  4  5  6  7  8  9 10 11 12 13 14 |
---------------+-------------------------------------------+-----
Conjurations   | 2 3 4 5 6 7 |  7.8
Summonings     | 2 3 4 5 6 7 |  7.8
Translocations | 2 3 4 5 6 7 |  7.8
Invocations    | 1 2 3 4 5 6 7 8 9 |  9.8
Fighting       | 1 2 3 4 5 6 7 8 9 |  9.0
Short Blades   | 1 2 3 4 5 6 7 8 9 |  9.0
Long Blades    | 1 2 3 4 5 6 7 8 9 |  9.0
Axes           | 1 2 3 4 5 6 7 8 9 |  9.0
Maces & Flails | 1 2 3 4 5 6 7 8 9 |  9.0
Polearms       | 1 2 3 4 5 6 7 8 9 |  9.0
Staves         | 1 2 3 4 5 6 7 8 9 |  9.0
Slings         | 1 2 3 4 5 6 7 8 9 |  9.0
Bows           | 1 2 3 4 5 6 7 8 9 |  9.0
Crossbows      | 1 2 3 4 5 6 7 8 9 |  9.0
Throwing       | 1 2 3 4 5 6 7 8 9 |  9.0
Armour         | 1 2 3 4 5 6 7 8 9 |  9.0
Shields        | 1 2 3 4 5 6 7 8 9 |  9.0
Unarmed Combat | 1 2 3 4 5 6 7 8 9 |  9.0
Evocations     | 1 2 3 4 5 6 7 8 9 |  9.0
Hexes          | 1 2 3 4 5 6 7 |  7.5
Charms         | 1 2 3 4 5 6 7 |  7.5
Necromancy     | 1 2 3 4 5 6 7 |  7.5
Transmutations | 1 2 3 4 5 6 7 |  7.5
Fire Magic     | 1 2 3 4 5 6 7 |  7.5
Ice Magic      | 1 2 3 4 5 6 7 |  7.5
Air Magic      | 1 2 3 4 5 6 7 |  7.5
Earth Magic    | 1 2 3 4 5 6 7 |  7.5
Poison Magic   | 1 2 3 4 5 6 7 |  7.5
Dodging        | 5 6 7 8 9 10 | 10.1
Stealth        | 5 6 7 8 9 |  9.9
Spellcasting   | 8 9 10 11 | 11.3

Action                   |  1- 3 |  4- 6 |  7- 9 | 10-12 | 13-15 || total
-------------------------+-------+-------+-------+-------+-------++-------
Melee: Dagger            |     1 |    31 |     1 |       |       ||    33
       Bite              |       |     3 |     8 |     8 |     4 ||    23
       Trident           |       |       |    61 |       |       ||    61
       Spear             |       |       |    34 |    48 |       ||    82
       Mace              |       |       |       |    36 |       ||    36
       Staff             |       |       |       |    26 |    26 ||    52
 Cast: Magic Dart        |    89 |   175 |   310 |   223 |       ||   797
       Conjure Flame     |     3 |     7 |     8 |    42 |    22 ||    82
       Call Imp          |       |    28 |    44 |     3 |       ||    75
       Mephitic Cloud    |       |     3 |     9 |    13 |       ||    25
       Blink             |       |     1 |       |    13 |     8 ||    22
       Summon Lightning  |       |       |     8 |   106 |    60 ||   174
       Venom Bolt        |       |       |       |    77 |   151 ||   228
       Summon Mana Viper |       |       |       |    13 |    23 ||    36
       Borgnjor's Vile C |       |       |       |     1 |    21 ||    22
Invok: Curse Item        |       |       |       |     4 |     1 ||     5
       Scrying           |       |       |       |       |     4 ||     4
Evoke: Wand              |       |       |       |       |     1 ||     1
  Use: Scroll            |       |     6 |    10 |    11 |     7 ||    34
       Potion            |       |       |       |     1 |    11 ||    12
 Stab: Distracted        |       |       |       |     1 |     1 ||     2
       Confused          |       |       |       |     1 |       ||     1
  Eat: Chunk             |     2 |     8 |    11 |    22 |     8 ||    51
       Ration            |       |     1 |     2 |     6 |     4 ||    13
Armor: Robe              |     2 |     9 |       |       |       ||    11
       Leather armour    |       |    12 |    51 |    48 |    25 ||   136
Dodge: Dodged            |     6 |    70 |   146 |   150 |   195 ||   567
Block: Buckler           |     3 |    15 |    56 |    31 |       ||   105
       Shield            |       |       |       |    37 |   121 ||   158
